 Dungeon Crawl Stone Soup version 0.18-a0-1534-g642cb5c (webtiles) character file.

25 Rukheim the Grave Robber (level 2, -6/19 HPs)
             Began as a Demonspawn Necromancer on Mar 8, 2016.
             Mangled by Natasha (8 damage)
             ... on level 2 of the Dungeon.
             The game lasted 00:05:42 (1072 turns).

Rukheim the Grave Robber (Demonspawn Necromancer)   Turns: 1072, Time: 00:05:44

Health: -6/19      AC:  7    Str:  8    XL:     2   Next: 86%
Magic:  1/5        EV: 12    Int: 16    God:
Gold:   40         SH:  0    Dex: 13    Spells: 2 memorised, 3 levels left

rFire  . . .     SeeInvis .     h - +0 dagger
rCold  . . .     Gourm    .     a - +1 robe
rNeg   . . .     Faith    .     (no shield)
rPois  .         Spirit   .     (no helmet)
rElec  .         Dismiss  .     (no cloak)
rCorr  .         Reflect  .     (no gloves)
SustAt .         Harm     .     (no boots)
MR     .....                    (no amulet)
Stlth  ++........               (no ring)
                                (no ring)

@: slowed, very slow, not resistant to hostile enchantments, unstealthy
A: iridescent scales 1
a: no special abilities


You were on level 2 of the Dungeon.
You were not hungry.

You visited 1 branch of the dungeon, and saw 2 of its levels.

You collected 40 gold pieces.

Inventory:

Hand Weapons
 h - a +0 dagger (weapon)
 j - a +0 dagger
 k - a +0 dagger
Armour
 a - a +1 robe (worn)
Scrolls
 e - a scroll of immolation
Books
 b - a book of Necromancy

   Spells                             Type                      Level
   a - Pain                           Necromancy                   1
   b - Animate Skeleton               Necromancy                   1
   c - Vampiric Draining              Necromancy                   3
   d - Regeneration                   Charms/Necromancy            3
   e - Animate Dead                   Necromancy                   4
   f - Control Undead                 Necromancy                   4
Comestibles
 d - a meat ration
 f - 2 chunks of flesh
 i - a royal jelly


   Skills:
 - Level 1.7 Dodging
 + Level 2.1 Stealth
 + Level 2.2 Spellcasting
 * Level 5.1 Necromancy


You had 3 spell levels left.
You knew the following spells:

 Your Spells              Type           Power        Failure   Level  Hunger
a - Pain                  Necr           ###.         2%          1    #......
b - Animate Skeleton      Necr           N/A          2%          1    #......


Dungeon Overview and Level Annotations

Branches:
Dungeon (2/15)

Altars:
Cheibriados
Okawaru

Annotations:
D:2 Natasha, Terence


Innate Abilities, Weirdness & Mutations

You are partially covered in iridescent scales (AC +4).


Message History

It is a wand of digging.
Natasha zaps a wand.
Some rock shatters into small pieces.
Terence the Incautious comes into view.
He is wielding a short sword.
Terence shouts!
You hear a zap.
Some rock shatters into small pieces.
Terence closely misses you. Natasha casts a spell at you.
You feel as though you will be slow longer.
The shadow imp grinds its teeth.
The iron imp completely misses you. Terence hits you with a short sword.
* * * LOW HITPOINT WARNING * * *
Terence hits you with a short sword.
* * * LOW HITPOINT WARNING * * *
You hit the shadow imp but do no damage.
The shadow imp shouts, "Run away, thou unctious knotty-pated gnoll-tail!"
The shadow imp hits you but does no damage.
Terence hits you with a short sword.
* * * LOW HITPOINT WARNING * * *
Natasha claws you!
You die...

##.##...##.....#.......
#####.##
..#.....#.......$.....
.......<
#....._.....#.#########
#####.#. #. #.....#..#..
#..( #..##...##.##.# # ##
#... #..........##..#.##
... ##.#
.........####...#.##....
#.# .........# #.#h5.......
#.# .........####.#5@.#....
#.# #..)####.##.....@..#
#.# #.. ##.##.........# #..
#. ##...#...#..#...# #.. #
#........#..#.#.# #..
#.......>...#.### #..
#...........#.####### #..
##...##.............####
#..
#######.#####.####.##.####.


You could see Terence, an iron imp, Natasha and a shadow imp.

Vanquished Creatures
  An adder (D:2)
  A giant gecko (D:1)
  A ball python (D:1)
  3 hobgoblins
  A quokka (D:2)
  A bat (D:1)
  4 goblins
  A kobold (D:1)
  3 rats (D:1)
16 creatures vanquished.

Vanquished Creatures (collateral kills)
  A hobgoblin (D:1)
1 creature vanquished.

Vanquished Creatures (others)
  4 toadstools (D:1)
4 creatures vanquished.

Grand Total: 21 creatures vanquished

Notes
Turn   | Place    | Note
--------------------------------------------------------------
     0 | D:1      | Rukheim the Demonspawn Necromancer began the quest for the Orb.
     0 | D:1      | Reached XP level 1. HP: 13/13 MP: 3/3
    63 | D:1      | Learned a level 1 spell: Animate Skeleton
   281 | D:1      | Gained mutation: You are partially covered in iridescent scales (AC +4). [demonic ancestry]
   281 | D:1      | Reached XP level 2. HP: 19/19 MP: 3/5
   443 | D:1      | Found a snail-covered altar of Cheibriados.
   755 | D:2      | Reached skill level 5 in Necromancy
  1035 | D:2      | Found an iron altar of Okawaru.
  1048 | D:2      | Noticed Natasha
  1069 | D:2      | Noticed Terence
  1072 | D:2      | Mangled by Natasha

Vault maps used:
D:1:      ldierk_water_garden, cheibriados_altar_1
D:2:      okawaru_gym_becter, serial_undead, serial_undead_f, serial_undead_b,
          serial_undead_a, serial_undead_e, serial_undead_a, serial_undead_b,
          serial_undead_b, uniq_terence, uniq_natasha

Skill      XL: |  1  2 |
---------------+-------+-----
Stealth        | 2 |  2.1
Necromancy     | 5 |  5.1
Dodging        | |  1.7
Spellcasting   | |  2.2

Action                   || total
-------------------------++-------
Melee: Unarmed           ||     7
       Dagger            ||     9
 Cast: Pain              ||    26
       Animate Skeleton  ||     7
  Use: Scroll            ||     3
  Eat: Bread ration      ||     1
